 Dungeon Crawl Stone Soup version 0.14-a0-1444-g21dc12d (webtiles) character file.

18637 July the Unseen (level 12, -6/51 HPs)
             Began as a Spriggan Enchanter on Dec 12, 2013.
             Was a Priest of Ashenzari.
             Mangled by an ice devil (10 damage)
             ... in an ice cave.
             The game lasted 01:35:43 (17924 turns).

July the Unseen (Spriggan Enchanter)               Turns: 17924, Time: 01:35:43

HP  -6/51        AC  2     Str  6      XL: 12   Next: 21%
MP  22/33        EV 20     Int 19      God: Ashenzari [***...]
Gold 911         SH  0     Dex 17      Spells:  4 memorised, 20 levels left

rFire  + . .     SeeInvis +     e - +3 cutlass (flame) (curse)
rCold  . . .     Clarity  +     j - +0 robe {rF+} (curse)
rNeg   + . .     Conserve .     (shield restricted)
rPois  +         rCorr    .     (helmet restricted)
rElec  .         rRot     .     (no cloak)
SustAb . .       Spirit   .     (gloves unavailable)
rMut   +         Warding  .     (boots unavailable)
Saprov . . .     Stasis   .     q - amulet of resist mutation
                                F - ring of poison resistance
                                E - cursed ring of positive energy

@: very quick, quite resistant to hostile enchantments, extraordinarily stealthy
A: unfitting armour, see invisible, herbivore 3, speed 3, slow metabolism 2
a: Renounce Religion


You were in an ice cave.
You worshipped Ashenzari.
Ashenzari was most pleased with you.
You were very full.

You visited 3 branches of the dungeon, and saw 15 of its levels.
You also visited: Ice Cave and Volcano.

You collected 911 gold pieces.

Inventory:

Hand weapons
 e - a cursed +3,+3 cutlass of flaming (weapon)
Missiles
 d - 34 darts (quivered)
Armour
 j - a cursed +0 robe of fire resistance (worn)
Magical devices
 b - a wand of digging (5)
 h - a wand of teleportation (2)
 l - a wand of paralysis (7)
 m - a wand of polymorph (11) {unknown}
 v - a wand of disintegration (7)
 G - a wand of disintegration (13)
Comestibles
 g - 2 bread rations
 i - 10 lemons
 x - an apple
Scrolls
 k - 2 scrolls of blinking
 n - a scroll of identify
 o - 4 scrolls of remove curse
 s - a scroll of enchant armour {unknown}
 y - a scroll of vulnerability {unknown}
 B - 2 scrolls of fog
 D - a scroll of teleportation
Jewellery
 q - an amulet of resist mutation (around neck)
 w - an uncursed ring of sustenance {unknown}
 E - a cursed ring of positive energy (left hand)
 F - a ring of poison resistance (right hand)
Potions
 t - 2 potions of curing
Books
 c - a book of Maledictions

   Spells                             Type                      Level
   *Corona                            Hexes                        1
   Sure Blade                         Hexes/Charms                 2
   *Ensorcelled Hibernation           Hexes/Ice                    2
   *Confuse                           Hexes                        3
   Enslavement                        Hexes                        4
   *Invisibility                      Hexes                        6


   Skills:
 - Level 5.2(8.1) Short Blades
 - Level 1.1 Throwing
 - Level 5.1 Dodging
 - Level 17.0 Stealth
 * Level 10.5 Spellcasting
 - Level 15.1 Hexes


You had 20 spell levels left.
You knew the following spells:

 Your Spells              Type           Power        Failure   Level  Hunger
a - Invisibility          Hex            ######..     2%          6    ######.
c - Confuse               Hex            ######..     1%          3    None
m - Corona                Hex            ######.      0%          1    None
s - Ensorcelled Hibernat  Hex/Ice        #####.       1%          2    None


Dungeon Overview and Level Annotations

Branches:
Dungeon (10/16)            Temple (1/1) D:6            Lair (4/8) D:9
 Shoals (0/5) Lair:3
    Orc: D:9-12       Swamp: Lair:3-6     Snake: Lair:3-6    Spider: Lair:3-6

Altars:
Ashenzari
Cheibriados
Elyvilon
Fedhas
Kikubaaqudgha
Makhleb
Nemelex Xobeh
Okawaru
Sif Muna
Trog
Vehumet
Xom
Yredelemnul
Zin
the Shining One

Shops:
D:6 =

Annotations:
D:9 Gastronok IceCv exclusion: 2 ice statues


Innate Abilities, Weirdness & Mutations

You are tiny and cannot use many weapons and most armour.
You have supernaturally acute eyesight.
You are a herbivore.
You cover ground extremely quickly.
You need consume almost no food.


Message History

Casting: Confuse
Confirm with . or Enter, or press ? or * to list all spells.
Aiming: Confuse
Press: ? - help, Shift-Dir - straight line, f/p - ice devil
Aim: an ice devil The ice devil resists.
The ice devil hits you. The ice devil freezes you!
* * * LOW HITPOINT WARNING * * *
Casting: Confuse
Confirm with . or Enter, or press ? or * to list all spells.
Aiming: Confuse
Press: ? - help, Shift-Dir - straight line, f/p - ice devil
Aim: an ice devil The ice devil easily resists.
The ice devil barely misses you.
Casting: Confuse
Confirm with . or Enter, or press ? or * to list all spells.
Aiming: Confuse
Press: ? - help, Shift-Dir - straight line, f/p - ice devil
Aim: an ice devil The ice devil appears confused.
The ice devil hits you!
You die...

, , , ** , , , *
### , ### *,..#,
#.. * *##'# ,
#4##* #..##+##{4#
###..#...#4.###
#@####...####.#
#.3...........##
#...............#
#...............#
#.......⌠.......#
#...............#
#...............#
##.............##
#.............#


You could see an ice devil (confused).

Vanquished Creatures
  3 hydras
  2 hill giants (D:10)
  A black mamba (Lair:1)
  4 spiny frogs
  2 fire drakes
  2 blue devils (IceCv)
  2 komodo dragons
  A polar bear (Lair:1)
  3 blink frogs (Lair:4)
  2 two-headed ogres (Volcano)
  A basilisk (Lair:3)
  A grizzly bear (Lair:1)
  2 fire bats (Volcano)
  A wraith (D:9)
  2 wyverns
  2 hungry ghosts
  Eustachio (D:4)
  9 yaks
  6 hippogriffs
  A hog (Volcano)
  A deep elf fighter (Volcano)
  4 wolves (Lair:3)
  2 ice beasts (IceCv)
  A necrophage (D:7)
  4 porcupines
  2 black bears
  3 sky beasts
  2 orc warriors
  4 ogres
  A phantom (D:10)
  4 centaurs
  8 crocodiles
  7 giant frogs
  4 giant slugs
  7 water moccasins
  5 agate snails
  6 killer bees (D:7)
  2 yak zombies
  A goliath beetle (D:9)
  2 yak skeletons
  8 crimson imps
  A centaur zombie (D:7)
  9 hounds
  2 giant frog zombies
  4 jellies
  A giant frog skeleton (D:4)
  5 orc priests
  5 orc wizards
  2 iguanas
  A scorpion (D:8)
  4 worker ants
  5 sheep (Lair:2)
  2 mottled dragon skeletons
  A worker ant zombie (D:6)
  3 giant centipedes
  25 green rats
  9 adders
  An inept item mimic (D:10)
  3 giant mites
  4 worms
  4 giant eyeballs
  5 giant geckos
  5 oozes (D:10)
  33 orcs
  24 bats
  2 bat skeletons
  A bat zombie (D:7)
  3 giant cockroaches
  12 hobgoblins
  8 jackals
  6 giant newts
  2 giant spores
  8 goblins
  11 kobolds
  An orc zombie (D:10)
  10 quokkas
  23 rats
  4 ballistomycetes (D:8)
375 creatures vanquished.

Vanquished Creatures (others)
  2 fungi (D:9)
  A plant (D:9)
3 creatures vanquished.

Grand Total: 378 creatures vanquished

Notes
Turn   | Place    | Note
--------------------------------------------------------------
     0 | D:1      | July, the Spriggan Enchanter, began the quest for the Orb.
     0 | D:1      | Reached XP level 1. HP: 9/9 MP: 4/4
   412 | D:1      | Reached skill level 4 in Stealth
   422 | D:1      | Reached XP level 2. HP: 8/13 MP: 7/7
  1023 | D:1      | mopl: you don't learn EH ?
  1055 | D:1      | Reached skill level 5 in Stealth
  1140 | D:1      | July: not yet
  1140 | D:1      | July: I do stealth first, then spellcasting (and EH)
  1428 | D:2      | Reached XP level 3. HP: 7/16 MP: 9/9
  1885 | D:2      | Reached skill level 6 in Stealth
  2375 | D:2      | Found a shimmering altar of Xom.
  2720 | D:3      | Reached XP level 4. HP: 21/21 MP: 12/12
  2928 | D:3      | Found a deep blue altar of Sif Muna.
  2928 | D:3      | Found a radiant altar of Vehumet.
  2997 | D:3      | Reached skill level 7 in Stealth
  3384 | D:4      | Learned a level 2 spell: Ensorcelled Hibernation
  3592 | D:4      | Found a basalt altar of Yredelemnul.
  3642 | D:4      | Noticed Eustachio
  3878 | D:4      | Killed Eustachio
  3878 | D:4      | Reached skill level 5 in Spellcasting
  3878 | D:4      | Reached XP level 5. HP: 20/24 MP: 14/20
  4200 | D:4      | Reached XP level 6. HP: 28/28 MP: 21/21
  4343 | D:4      | Paralysed by a giant eyeball for 4 turns
  4353 | D:4      | Paralysed by a giant eyeball for 4 turns
  4519 | D:5      | Entered Level 5 of the Dungeon
  4528 | D:5      | Reached skill level 5 in Hexes
  4851 | D:5      | Reached XP level 7. HP: 30/32 MP: 16/23
  4995 | D:5      | Found a bloodstained altar of Trog.
  5392 | D:5      | Reached skill level 8 in Stealth
  5648 | D:5      | Reached skill level 9 in Stealth
  5889 | D:6      | Reached skill level 10 in Stealth
  5991 | D:6      | Found a glowing silver altar of Zin.
  6006 | D:6      | Found Zarawere's Jewellery Shop.
  6207 | D:6      | Found a sparkling altar of Nemelex Xobeh.
  6274 | D:6      | Reached XP level 8. HP: 36/36 MP: 25/25
  6614 | D:6      | Found a staircase to the Ecumenical Temple.
  6620 | Temple   | Entered the Ecumenical Temple
  6692 | Temple   | Became a worshipper of Ashenzari the Shackled
  7054 | D:7      | Learned a level 3 spell: Confuse
  7081 | D:7      | Reached skill level 5 in Dodging
  8069 | D:7      | Reached XP level 9. HP: 29/39 MP: 19/29
  8778 | D:7      | Reached skill level 11 in Stealth
  9086 | D:8      | Reached skill level 12 in Stealth
  9255 | D:8      | Reached skill level 13 in Stealth
  9728 | D:9      | Noticed Gastronok
  9730 | D:9      | Found a staircase to the Lair.
  9761 | D:10     | Entered Level 10 of the Dungeon
 10174 | D:10     | Noticed a hill giant
 10179 | D:10     | Noticed a hill giant
 10495 | D:9      | Found an ancient bone altar of Kikubaaqudgha.
 10696 | D:9      | Reached skill level 5 in Short Blades
 10871 | D:9      | Reached XP level 10. HP: 44/44 MP: 22/31
 10952 | D:9      | Reached skill level 14 in Stealth
 10997 | Lair:1   | Entered Level 1 of the Lair of Beasts
 11354 | Lair:1   | Acquired Ashenzari's first power
 11372 | Lair:1   | Noticed a black mamba
 11382 | Lair:1   | Killed a black mamba
 11409 | Lair:1   | Reached skill level 15 in Stealth
 11682 | Lair:1   | Reached skill level 10 in Hexes
 12713 | D:10     | Killed a hill giant
 12713 | D:10     | Reached XP level 11. HP: 27/47 MP: 22/32
 12992 | D:10     | Killed a hill giant
 13839 | Lair:2   | Found a dark tunnel.
 13889 | Lair:2   | Learned a level 6 spell: Invisibility
 13890 | Volcano  | Entered a volcano
 15515 | Lair:3   | Noticed a five-headed hydra
 15522 | Lair:3   | Killed a four-headed hydra
 15522 | Lair:3   | Reached skill level 16 in Stealth
 16467 | Lair:3   | Found a staircase to the Shoals.
 16603 | Lair:3   | Reached skill level 17 in Stealth
 16830 | Lair:3   | Acquired Ashenzari's second power
 17082 | Lair:3   | Noticed a six-headed hydra
 17089 | Lair:3   | Killed a five-headed hydra
 17089 | Lair:3   | Reached XP level 12. HP: 51/51 MP: 32/32
 17491 | Lair:4   | Noticed a seven-headed hydra
 17508 | Lair:4   | Killed a six-headed hydra
 17508 | Lair:4   | Reached skill level 15 in Hexes
 17696 | Lair:4   | Found a frozen archway.
 17705 | Lair:4   | Reached skill level 10 in Spellcasting
 17756 | IceCv    | Entered an ice cave
 17819 | IceCv    | HP: 2/51 [ice statue/bolt of cold (21)]
 17924 | IceCv    | Mangled by an ice devil

Action                   |  1- 3 |  4- 6 |  7- 9 | 10-12 || total
-------------------------+-------+-------+-------+-------++-------
Melee: Dagger            |   200 |   170 |   353 |   182 ||   905
       Cutlass           |       |       |       |    95 ||    95
Throw: Dart              |       |       |     7 |     1 ||     8
 Cast: Ensorcelled Hiber |       |    16 |   139 |   200 ||   355
       Confuse           |       |       |    11 |    14 ||    25
Evoke: Wand              |       |       |       |     7 ||     7
  Use: Potion            |       |     3 |       |       ||     3
       Scroll            |       |       |    15 |     9 ||    24
 Stab: Sleeping          |     6 |    17 |   102 |   149 ||   274
       Distracted        |       |       |     4 |     3 ||     7
       Confused          |       |       |     4 |    11 ||    15
